[Event "WA State Championship"]
[Site "Legacy House, South Perth"]
[Date "2005.08.28"]
[Round "9"]
[White "Hessing, R"]
[Black "Maris, N"]
[Result "0-1"]
[WhiteElo "1663"]
[BlackElo "1669"]
[ECO "A02"]
[EventDate "2005.07.03"]
[TimeControl "5400+60"]

1.f4 Nf6 2.b3 b6 3.Nf3 c5 4.e3 Bb7 5.Bb2 e6 6.Be2 d5 7.O-O Nc6 8.Bb5 a6 9.
Bxc6+ Bxc6 10.Ne5 Bb7 11.d3 Bd6 12.Nd2 O-O 13.Qe1 Rc8 14.Qg3 d4 15.e4 Nh5 
16.Qh3 Nxf4 17.Rxf4 Bxe5 18.Rh4 h6 19.Nc4 Bf6 20.Rg4 Bg5 21.Bc1 f5 22.Rg3 
Bc6 23.Rf3 Bxc1 24.Rxc1 Qg5 25.Rcf1 b5 26.Rg3 Qe7 27.Ne5 Rf6 28.Nxc6 Rxc6 
29.e5 Rf7 30.Qxh6 Qc7 31.Qf4 Rd7 32.Rh3 c4 33.g4 cxd3 34.cxd3 Qb7 35.Rhf3 
Rf7 36.Qxd4 Rc2 37.R3f2 Rxf2 38.Rxf2 Qc8 39.Qf4 Qd7 40.Qe3 fxg4 41.Rxf7 
Qxf7 42.Kg2 Qf5 43.Qe4 g6 44.Kg3 Kg7 45.b4 Qh5 46.Qxg4 Qxe5+ 47.Kh3 Qd5 
48.Qe2 g5 49.Qe4 Qxa2 50.Qxe6 Qxe6+ 0-1

[Event "WA State Championship"]
[Site "Legacy House, South Perth"]
[Date "2005.08.28"]
[Round "9"]
[White "Jahangirian, M"]
[Black "Whitehead, P"]
[Result "1/2-1/2"]
[WhiteElo "1701"]
[BlackElo "1610"]
[ECO "B34"]
[EventDate "2005.07.03"]
[TimeControl "5400+60"]

1.e4 c5 2.Nf3 Nc6 3.d4 cxd4 4.Nxd4 g6 5.Be2 Bg7 6.Be3 Nf6 7.Nc3 O-O 8.Nb3 
d6 9.Qd2 Be6 10.f4 Rc8 11.O-O Ng4 12.Bxg4 Bxg4 13.h3 Bd7 14.a3 Na5 15.Nxa5
Qxa5 16.Bd4 Bxd4+ 17.Qxd4 Qc5 18.Rfd1 Be6 19.Kh2 Rfd8 20.Rd2 Rd7 21.Rad1 
b6 22.Qd3 f6 23.Qg3 Kh8 24.e5 fxe5 25.fxe5 Rcd8 26.exd6 exd6 27.Ne4 Qe5 
28.Nxd6 Qxg3+ 29.Kxg3 Kg7 30.Ne4 h6 31.Rxd7+ Rxd7 32.Rxd7+ Bxd7 33.c3 Kf7 
34.h4 Ke6 35.Kf4 Bc6 36.c4 b5 37.c5 a5 38.b4 axb4 39.axb4 Kd5 40.Nd2 Kd4 
41.Nf3+ Kc3 42.Ke5 Kxb4 43.Kd6 Be4 44.c6 Kc3 45.c7 Bf5 46.Kc5 b4 47.Nd4 
Bc8 48.Nb5+ Kb3 49.Nd6 Bd7 50.c8=Q Bxc8 51.Nxc8 Kc3 52.Nd6 b3 53.Nc4 Kd3 
54.g4 Ke4 55.g5 hxg5 56.hxg5 Kf5 57.Kb4 b2 58.Nxb2 Kxg5 1/2-1/2

[Event "WA State Championship"]
[Site "Legacy House, South Perth"]
[Date "2005.08.28"]
[Round "9"]
[White "Payne, S"]
[Black "O'Donohue, B"]
[Result "0-1"]
[WhiteElo "1630"]
[BlackElo "1592"]
[ECO "B49"]
[EventDate "2005.07.03"]
[TimeControl "5400+60"]

1.e4 c5 2.Nf3 Nc6 3.d4 cxd4 4.Nxd4 e6 5.Nc3 a6 6.Be3 Qc7 7.Be2 b5 8.O-O 
Bb7 9.Nb3 Nf6 10.Nc5 Bc8 11.f3 Qb6 12.a4 Bxc5 13.Bxc5 Qxc5+ 14.Kh1 b4 15.
Nb1 O-O 16.Nd2 a5 17.f4 Nd4 18.Bd3 Ba6 19.e5 Bxd3 20.cxd3 Nd5 21.Rc1 Qe7 
22.Qe1 Rfc8 23.Nc4 Nb3 24.Rd1 Nc5 25.Qg3 Nxa4 26.Nd6 Rc6 27.f5 exf5 28.
Nxf5 Qf8 29.Rde1 Rg6 30.Qf3 Nab6 31.h4 Re8 32.h5 Rg5 33.Nd6 Re7 34.Nf5 Re6
35.Qf2 Rxh5+ 36.Kg1 Ne7 37.Nd6 f6 38.Qxb6 Rhxe5 39.Rxe5 Rxe5 40.Qc7 Ng6 
41.Rf5 Re1+ 42.Kf2 Qe7 43.Qc8+ Nf8 44.Qc4+ Re6 45.Nc8 Qd8 46.Rf3 Kh8 0-1

[Event "WA State Championship"]
[Site "Legacy House, South Perth"]
[Date "2005.08.28"]
[Round "9"]
[White "Taylor, P"]
[Black "Viswanath, G"]
[Result "0-1"]
[WhiteElo "1100"]
[BlackElo "1732"]
[ECO "B33"]
[EventDate "2005.07.03"]
[TimeControl "5400+60"]

1.e4 c5 2.Nf3 Nc6 3.d4 cxd4 4.Nxd4 Nf6 5.Nc3 e5 6.Ndb5 d6 7.Bg5 a6 8.Na3 
Be7 9.Bxf6 gxf6 10.Nd5 Be6 11.Bc4 Rc8 12.c3 b5 13.Bb3 f5 14.Nxe7 Qxe7 15.
Bd5 fxe4 16.Bxe4 O-O 17.Qf3 Na5 18.Rd1 Bxa2 19.Qh5 f5 20.Bxf5 Rc7 21.O-O 
Qf6 22.Be4 Rg7 23.Nc2 Bc4 24.Bd5+ Bxd5 25.Rxd5 Rg5 26.Qh3 Nc4 27.b3 Nb6 
28.Rd3 Kh8 29.Rg3 Rf5 30.Nb4 a5 31.Na2 Nd5 32.f3 Nf4 33.Qg4 h5 34.Qxf5 
Qxf5 35.Re1 Qc2 0-1

[Event "WA State Championship"]
[Site "Legacy House, South Perth"]
[Date "2005.08.28"]
[Round "9"]
[White "Markou, V"]
[Black "Klimczak, J"]
[Result "0-1"]
[WhiteElo "1452"]
[BlackElo "1366"]
[ECO "A04"]
[EventDate "2005.07.03"]
[TimeControl "5400+60"]

1.e4 c5 2.Nf3 Nc6 3.d3 Nf6 4.g3 g6 5.Bg2 Bg7 6.O-O O-O 7.Nbd2 d5 8.Re1 
dxe4 9.dxe4 Rb8 10.Qe2 Nb4 11.Nf1 Bg4 12.c3 Nc6 13.Qc4 Nd7 14.Ne3 Be6 15.
Nd5 b5 16.Qe2 Bg4 17.h3 Bxf3 18.Bxf3 b4 19.Bf4 Be5 20.Bh6 Re8 21.Rad1 e6 
22.Bf4 exd5 23.exd5 Bxf4 24.Qxe8+ Qxe8 25.Rxe8+ Rxe8 26.dxc6 Ne5 27.gxf4 
Nxf3+ 28.Kg2 Nh4+ 29.Kf1 Rc8 30.cxb4 cxb4 31.Rc1 Nf5 32.Rc4 a5 33.Ke2 Ne7 
34.c7 Nd5 35.Rc5 Nxf4+ 36.Kd2 Nxh3 37.Ke3 h6 38.Kd4 Nf4 39.Kc4 Ne6 40.Rxa5
Rxc7+ 41.Kxb4 Rc2 42.Kb3 Rxf2 43.Ra8+ Kg7 44.a4 Nc5+ 45.Kb4 Nxa4 0-1

[Event "WA State Championship"]
[Site "Legacy House, South Perth"]
[Date "2005.08.28"]
[Round "9"]
[White "Bailye, R"]
[Black "Garcia, M"]
[Result "0-1"]
[WhiteElo "1223"]
[BlackElo "1454"]
[ECO "B13"]
[EventDate "2005.07.03"]
[TimeControl "5400+60"]

1.e4 c6 2.Nf3 d5 3.exd5 cxd5 4.d4 Bf5 5.c3 Nf6 6.Bd3 Bg6 7.O-O e6 8.Bg5 
Bd6 9.Re1 Qc7 10.Bxg6 hxg6 11.g3 Nbd7 12.Na3 a6 13.Rc1 b5 14.Kg2 O-O-O 15.
b4 Rh5 16.Nb1 Rdh8 17.Rh1 Ne4 18.Be3 g5 19.Qe1 g4 20.Ne5 Nxe5 21.dxe5 Bxe5
22.Nd2 Nd6 23.Bd4 Nc4 24.Nxc4 dxc4 25.Qe3 Qc6+ 26.f3 Qxf3+ 27.Qxf3 gxf3+ 
28.Kxf3 Bxd4 29.cxd4 Rxh2 30.Rxh2 Rxh2 31.a3 Kc7 32.Rc3 Kb6 33.Kf4 a5 34.
Ke5 axb4 35.axb4 Kc6 36.Rf3 Rh5+ 37.Ke4 f6 38.g4 f5+ 39.gxf5 Rxf5 40.Ra3 
Kb6 41.Rc3 Rf1 42.Ke5 Rb1 43.Kxe6 Rxb4 44.d5 Rb3 45.Rc2 Rd3 46.Rg2 Kc5 47.
Rxg7 Rxd5 48.Rc7+ Kd4 49.Kf6 c3 50.Ke6 Rc5 51.Rd7+ Kc4 52.Rd1 c2 53.Re1 b4
54.Kd6 Rc8 55.Rc1 b3 56.Kd7 Kc3 57.Kxc8 b2 58.Rxc2+ Kxc2 0-1